 Dungeon Crawl Stone Soup version 0.32-a0-913-g739538afd8 (webtiles) character file.

Game seed: 5256397336843735554

2142 pokeman the Thaumaturge (level 9, -3/48 HPs)
             Began as a Deep Elf Hedge Wizard on Apr 7, 2024.
             Was a Follower of Vehumet.
             Slain by a sky beast (6 damage)
             ... on level 7 of the Dungeon.
             The game lasted 00:15:47 (7056 turns).

pokeman the Thaumaturge (Deep Elf Hedge Wizard)     Turns: 7056, Time: 00:15:50

Health: -3/48      AC:  7    Str:  7    XL:     9   Next: 9%
Magic:  17/34      EV: 12    Int: 24    God:    Vehumet [*.....]
Gold:   325        SH:  0    Dex: 14    Spells: 21/29 levels left

rFire   . . .        o - +0 triple sword
rCold   . . .        (shield currently unavailable)
rNeg    + . .        t - +2 robe "Ysoudgh" {rF- rN+ Will+}
rPois   .            c - +0 hat
rElec   .            k - +0 cloak
rCorr   .            n - +0 pair of gloves
SInv    .            r - +0 pair of boots
Will    +....        (no amulet)
Stlth   ++           f - ring of protection from fire
HPRegen 0.28/turn    s - ring of magical power
MPRegen 0.24/turn

%: no passive effects
@: no status effects
A: no striking features
a: Renounce Religion


You were on level 7 of the Dungeon.
You worshipped Vehumet.
Vehumet was aware of your devotion.
You visited 2 branches of the dungeon, and saw 8 of its levels.

You collected 325 gold pieces.

Inventory:

Hand Weapons
 o - a +0 triple sword (weapon)
 E - a +1 short sword of venom
Armour
 c - a +0 hat (worn)
 k - a +0 cloak (worn)
 l - a +0 ring mail of fire resistance
 n - a +0 pair of gloves (worn)
 r - a +0 pair of boots (worn)
 t - the +2 robe "Ysoudgh" (worn) {rF- rN+ Will+}
   (You found it on level 4 of the Dungeon)

   rF-:       It makes you vulnerable to fire.
   rN+:       It protects you from negative energy.
   Will+:     It increases your willpower.
Magical Staves
 g - a staff of earth
 y - a staff of death
 z - a staff of air
Jewellery
 f - a ring of protection from fire (left hand)
 s - a ring of magical power (right hand)
Wands
 b - a wand of iceblast (5)
Scrolls
 a - a scroll of silence {unknown}
 e - a scroll of fear {unknown}
 h - 2 scrolls of noise {unknown}
 i - 3 scrolls of identify {unknown}
 j - 2 scrolls of teleportation {unknown}
 p - 3 scrolls of vulnerability {unknown}
 q - a scroll of brand weapon {unknown}
 v - a scroll of summoning {unknown}
 w - 2 scrolls of torment {unknown}
 D - a scroll of enchant weapon {unknown}
Potions
 d - 2 potions of magic
 m - 3 potions of haste {unknown}
 u - 4 potions of lignification {unknown}
 x - 2 potions of degeneration {unknown}
 A - a potion of heal wounds {unknown}
 B - a potion of mutation {unknown}
 C - a potion of cancellation {unknown}
 F - 2 potions of enlightenment {unknown}
 G - a potion of brilliance {unknown}


   Skills:
 + Level 2.2 Fighting
 - Level 3.0 Armour
 - Level 3.2 Dodging
 - Level 3.0 Stealth
 * Level 10.7 Spellcasting
 + Level 5.8 Conjurations
 - Level 1.1 Summonings
 - Level 1.2 Necromancy
 - Level 1.1 Translocations
 - Level 1.0 Air Magic
 + Level 4.8 Earth Magic
 - Level 1.0 Alchemy
 - Level 1.0 Evocations


You had 21 spell levels left.
You knew the following spells:

 Your Spells              Type           Power      Damage    Failure   Level
a - Magic Dart            Conj           100%       1d8       1%          1
b - Mephitic Cloud        Conj/Alch/Air  25%        N/A       4%          3
c - Call Imp              Summ           36%        N/A       4%          2
d - Blink                 Tloc           36%        N/A       4%          2

Your spell library contained the following spells:

 Spells                   Type           Power      Damage    Failure   Level
 Sandblast                Erth           72%        2d16      1%          1
 Slow                     Hex            48%        N/A       4%          1
 Cigotuvi's Dreadful Rot  Necr/Alch/Air  36%        N/A       4%          2
 Sublimation of Blood     Necr           19%        N/A       4%          2
 Volatile Blastmotes      Fire/Tloc      30%        2d12      12%         3
 Fulminant Prism          Conj/Alch      14%        3d8       12%         4
 Iskenderun's Mystic Bla Conj/Tloc 29%            2d7        (+2d3     12%         4
 Petrify                  Alch/Erth      27%        N/A       14%         4
 Irradiate                Conj/Alch      14%        3d16      32%         5


Dungeon Overview and Level Annotations

Branches:
Dungeon (7/15)             Temple (1/1) D:4

Altars:
Cheibriados
Dithmenos
Elyvilon
Fedhas
Gozag
Makhleb
Nemelex Xobeh
Ru
Sif Muna
Trog
Uskayaw
Vehumet
Wu Jian
Xom
Zin

Annotations:
D:3 2 transporters, SolCadguy's ghost, amateur CoGl


Message History

The bullfrog completely misses the sleepcap.
Casting: Magic Dart (safe; 1% risk of failure)
Confirm with . or Enter, or press ? or * to list all spells.
Aiming: Magic Dart (safe; 1% risk of failure)
Press: ? - help, Shift-Dir - straight line, f/p - sleepcap
Aim: a sleepcap (severely damaged, not watching you, ally target, 100% to hit)
The magic dart hits the sleepcap.
The sleepcap is severely damaged.
The bullfrog closely misses your cerulean imp.
Your cerulean imp hits the sleepcap but does no damage.
The sleepcap closely misses your cerulean imp.
Something hits you but does no damage. The bullfrog hits your cerulean imp!
Casting: Magic Dart (safe; 1% risk of failure)
Confirm with . or Enter, or press ? or * to list all spells.
Aiming: Magic Dart (safe; 1% risk of failure)
Press: ? - help, Shift-Dir - straight line, f/p - sleepcap
Aim: a sleepcap (severely damaged, not watching you, 100% to hit)
The magic dart hits the sleepcap but does no damage.
The sleepcap is severely damaged.
Your cerulean imp closely misses the bullfrog.
The bullfrog barely misses your cerulean imp.
Something hits you.
* * * LOW HITPOINT WARNING * * *
Something shocks you.
* * * LOW HITPOINT WARNING * * *
Casting: Magic Dart (safe; 1% risk of failure)
Confirm with . or Enter, or press ? or * to list all spells.
Aiming: Magic Dart (safe; 1% risk of failure)
Press: ? - help, Shift-Dir - straight line, f/p - sleepcap
Aim: a sleepcap (severely damaged, 100% to hit)
The magic dart hits the sleepcap.
The sleepcap is severely damaged.
You feel ready to blink again.
Reactivating autopickup.
A sky beast appears from thin air!
The bullfrog hits your cerulean imp.
Your cerulean imp hits the bullfrog with a -3 spear.
The sky beast hits you.
* * * LOW HITPOINT WARNING * * *
The sky beast shocks you.
You die...

........# #.......##
#........# ... .
............. ..
........#.... $..
##.......#.#.# #.#.
#......#...........
##@....#.#.#.#.#.#.
##..Y[.##...........
#..f......#.#.#.#.#.
##..........<...F...
#.....##..#.#.#.#.#.
##..5..F...........
#...F#.....#.#.#.#.#
#...####.............
#... #..##.#.# #.#.


You could see a sky beast, a sleepcap, 2 bullfrogs and a friendly cerulean imp
(summoned).

Vanquished Creatures
  Prince Ribbit (D:4)
  Sigmund (D:5)
  A fire bat (D:6)
  2 orc warriors (D:6)
  A sky beast (D:6)
  3 ice beasts
  A kobold brigand (D:4)
  Blork the orc (D:5)
  2 scorpions (D:6)
  A howler monkey (D:5)
  3 bombardier beetles
  A jelly (D:4)
  2 orc priests (D:5)
  A hound (D:4)
  4 iguanas
  7 orc wizards
  14 gnolls
  5 adders
  A shadow imp (D:6)
  A white imp (D:6)
  2 ufetubi (D:6)
  2 dart slugs
  18 orcs
  2 endoplasms (D:3)
  4 giant cockroaches
  7 goblins
  4 hobgoblins
  9 jackals
  4 quokkas
  4 ball pythons
  5 bats
  4 frilled lizards
  6 kobolds
  5 rats
129 creatures vanquished.

Vanquished Creatures (collateral kills)
  A shadow imp (D:7)
1 creature vanquished.

Grand Total: 130 creatures vanquished

Notes
Turn   | Place    | Note
-------+----------+-------------------------------------------
     0 | D:1      | pokeman the Deep Elf Hedge Wizard began the quest for the
                  | Orb.
     0 | D:1      | Reached XP level 1. HP: 10/10 MP: 7/7
   410 | D:1      | Reached XP level 2. HP: 16/16 MP: 3/9
   672 | D:1      | Found a faded altar of an unknown god.
  1017 | D:1      | Reached skill level 5 in Spellcasting
  1270 | D:1      | Reached XP level 3. HP: 20/20 MP: 8/11
  1274 | D:1      | Learned a level 3 spell: Mephitic Cloud
  1277 | D:1      | Learned a level 2 spell: Call Imp
  1280 | D:1      | Learned a level 2 spell: Blink
  1578 | D:2      | Found a blossoming altar of Fedhas.
  1603 | D:2      | Reached skill level 1 in Armour
  1749 | D:2      | Reached skill level 1 in Fighting
  2523 | D:3      | Reached XP level 4. HP: 19/25 MP: 5/13
  2643 | D:3      | Found a transporter.
  2644 | D:3      | Noticed SolCadguy's ghost (amateur CoGl)
  2648 | D:3      | Noticed an ogre
  2651 | D:3      | Noticed an ogre
  2672 | D:3      | Found a transporter.
  3062 | D:3      | Reached skill level 6 in Spellcasting
  3062 | D:3      | Reached XP level 5. HP: 29/29 MP: 10/15
  3351 | D:4      | Found a staircase to the Ecumenical Temple.
  3360 | Temple   | Entered the Ecumenical Temple
  3453 | D:4      | Identified the +2 robe "Ysoudgh" {rF- rN+ Will+}
  3522 | D:4      | Reached skill level 1 in Evocations
  3580 | D:4      | Found a radiant altar of Vehumet.
  3588 | D:4      | Became a worshipper of Vehumet
  3754 | D:4      | Found an opulent altar of Gozag.
  3916 | D:4      | Reached XP level 6. HP: 29/34 MP: 17/17
  4143 | D:5      | Entered Level 5 of the Dungeon
  4179 | D:5      | Reached skill level 1 in Air Magic
  4179 | D:5      | Reached skill level 1 in Earth Magic
  4179 | D:5      | Reached skill level 1 in Alchemy
  4188 | D:5      | Noticed Sigmund
  4192 | D:5      | Noticed an ice beast
  4232 | D:5      | Reached skill level 7 in Spellcasting
  4263 | D:5      | Killed Sigmund
  4264 | D:5      | Reached XP level 7. HP: 29/38 MP: 10/20
  4352 | D:5      | Noticed Prince Ribbit
  4355 | D:5      | Noticed Blork the orc
  4500 | D:4      | Reached skill level 8 in Spellcasting
  4503 | D:4      | Killed Prince Ribbit
  4867 | D:5      | Killed Blork the orc
  4867 | D:5      | HP: 1/40 [gnoll/+0 halberd (7)]
  4868 | D:5      | Reached XP level 8. HP: 1/44 MP: 17/22
  4872 | D:5      | Reached skill level 9 in Spellcasting
  5627 | D:5      | Found a sparkling altar of Nemelex Xobeh.
  5903 | D:6      | Found a bloodstained altar of Trog.
  5922 | D:6      | Reached skill level 5 in Conjurations
  5922 | D:6      | Reached skill level 1 in Necromancy
  6029 | D:6      | Reached * piety under Vehumet
  6029 | D:6      | Offered knowledge of Sandblast by Vehumet.
  6233 | D:6      | Reached skill level 10 in Spellcasting
  6833 | D:6      | Found a shimmering altar of Xom.
  6846 | D:6      | Reached XP level 9. HP: 48/48 MP: 25/25
  7056 | D:7      | Slain by a sky beast

Illustrated notes

Levels and vault maps discovered:
D:1:      dpeg_arrival_water_temple_mockup, layout_loops_corners, serial_rivers,
          chequers_serial_rivers_micro_b, chequers_serial_rivers_marsh,
          chequers_serial_rivers_room_b, chequers_serial_rivers_marsh,
          chequers_serial_rivers_micro_d, chequers_serial_rivers_micro_d,
          hellmonk_ecumenical_altar_inner_sanctum, minmay_tripent
D:2:      layout_rooms, basic_altar, grunt_decor_clamped
D:3:      layout_basic, gammafunk_ghost_smash, minmay_misc_feat_alley,
          minmay_misc_feat_roman, hangedman_decor_peaks_small
D:4:      layout_loops_ring, nicolae_gozag_cash_rules_everything_around_me,
          mainiacjoe_overflow_six_doors_small, minmay_temple_entry_sparse_star
D:5:      layout_cave_pools, lemuel_doored_altar, kennysheep_flooded_box,
          uniq_sigmund, uniq_prince_ribbit1, uniq_blork_the_orc
D:6:      layout_cave_pods, trog_butcher_becter, regret_index_xom_of_box,
          minivault_19, grunt_ministairs_6, minmay_hedge_maze
D:7:      layout_cave_pools, yredelemnul_altar_generic, fedhas_altar_3,
          st_stairs_10, uniq_menkaure, uniq_pikel
Temple:   jpeg_temple_island

Skill      XL: |  1  2  3  4  5  6  7  8  9 |
---------------+----------------------------+-----
Spellcasting   | 5 6 7 8 10 | 10.7
Armour         | 1 2 3 |  3.0
Fighting       | 1 2 |  2.2
Conjurations   | 2 3 4 5 |  5.8
Stealth        | 3 |  3.0
Dodging        | 3 |  3.2
Evocations     | 1 |  1.0
Air Magic      | 1 |  1.0
Earth Magic    | 2 3 4 |  4.8
Alchemy        | 1 |  1.0
Necromancy     | 1 |  1.2
Summonings     | |  1.1
Translocations | |  1.1

Action                     |  1- 3 |  4- 6 |  7- 9 || total
---------------------------+-------+-------+-------++-------
  Melee: Dagger            |    13 |       |       ||    13
         Triple sword      |       |    21 |   105 ||   126
   Cast: Magic Dart        |   123 |    72 |   122 ||   317
         Mephitic Cloud    |       |     8 |    26 ||    34
         Blink             |       |       |     6 ||     6
         Call Imp          |       |       |     7 ||     7
   Stab: Confused          |       |     9 |    15 ||    24
         Distracted        |       |       |     1 ||     1
 Armour: Robe              |    26 |    11 |   124 ||   161
  Dodge: Dodged            |    21 |    22 |    76 ||   119

Table legend: (Time is in decaauts)
 A = Elapsed time spent in this place.
 B = Non-inter-level travel time spent in this place.
 C = Inter-level travel time spent in this place.
 D = Time resting spent in this place.
 E = Time spent auto-exploring this place.
 F = Levels seen in this place.
 G = Mean time per level.
                   A        B        C        D        E       F      G
               +--------+--------+--------+--------+--------+-----+--------+
         Total |   7171 |   6933 |    238 |    484 |   5318 |   8 |  896.4 |
       Dungeon |   7169 |   6931 |    238 |    484 |   5318 |   7 | 1024.1 |
        Temple |      1 |      1 |      0 |      0 |      0 |   1 |    1.0 |
               +--------+--------+--------+--------+--------+-----+--------+

Top non-repeatable levels by time:
     D:4: 1597 daAuts
     D:1: 1466 daAuts
     D:6: 1398 daAuts
     D:2: 948 daAuts
     D:3: 876 daAuts
     D:5: 834 daAuts
     D:7: 47 daAuts
  Temple: 1 daAuts
